AoeStats
← FishCrates

Oasis

509175541Analyzed
3v3 RM · 6d ago on Sep 25, 2026· 61m 45s· 6 players
Game mode
Random Map
Map size
Normal (6 player)
Population
200
Speed
Normal
Resources
Standard
Victory
Conquest
Starting age
Dark Age
Ending age
Imperial Age
RankedLock teamsTeams togetherTeam positionsShared explorationLock speedFull tech treeHidden civsTurbo modeCheats
Victory
Defeat
🇦🇷 Saracens · Argentina
1515
+17
🇦🇷 Ethiopians · Argentina
1504
+18
🇩🇪 Vietnamese · Germany
1466
+19
🇺🇸 Tatars · United States
1559
-19
🇺🇸 Lithuanians · United States
1558
-18
🇺🇸 Koreans · United States
1513
-17
TU VIEJA
6:23 Loom
9:21 Feudal Age
13:46 Fletching
22:05 Padded Archer Armor
25:22 Castle Age
23:42 Double-Bit Axe
25:28 Crossbowman
27:53 Bodkin Arrow
33:59 Gold Mining
40:45 Imperial Age
40:03 Leather Archer Armor
40:14 Thumb Ring
41:03 Bow Saw
40:52 Arbalester
42:21 Bracer
44:36 Chemistry
49:08 Wheelbarrow
52:19 Horse Collar
52:55 Hand Cart
54:27 Ring Archer Armor
58:10 Conscription
58:38 Ballistics
61:43 Siege Engineers
XxX_Ricardo_2018_Max_XxX
9:41 Feudal Age
8:30 Loom
15:51 Fletching
17:36 Double-Bit Axe
19:43 Padded Archer Armor
25:03 Castle Age
24:15 Gold Mining
25:10 Crossbowman
25:55 Thumb Ring
26:10 Horse Collar
26:42 Bow Saw
28:03 Ballistics
34:57 Bodkin Arrow
40:16 Imperial Age
38:26 Thumb Ring
41:08 Wheelbarrow
40:26 Arbalester
41:11 Bracer
41:26 Leather Archer Armor
43:27 Chemistry
44:31 Two-Man Saw
43:40 Heavy Plow
44:16 Hand Cart
45:21 Coinage
45:54 Conscription
47:15 Siege Engineers
47:22 Torsion Engines
54:00 Caravan
low_eco_legends
6:22 Loom
8:57 Feudal Age
9:50 Double-Bit Axe
10:35 Horse Collar
16:00 Scale Barding Armor
17:14 Forging
20:13 Bloodlines
22:55 Castle Age
23:00 Light Cavalry
23:41 Husbandry
24:02 Bow Saw
23:53 Heavy Plow
24:21 Chain Barding Armor
25:54 Gold Mining
28:46 Wheelbarrow
31:09 Iron Casting
41:22 Imperial Age
41:52 Elite Battle Elephant
43:26 Plate Barding Armor
47:47 Caravan
51:35 Paper Money
52:22 Hand Cart
52:16 Chatras
56:01 Two-Man Saw
55:32 Crop Rotation
56:50 Scale Mail Armor
56:46 Treadmill Crane
56:57 Pikeman
57:38 Squires
57:24 Arson
58:50 Halberdier
60:59 Chain Mail Armor
62:26 Plate Mail Armor
washed_king
0:27 Loom
5:53 Loom
9:31 Feudal Age
12:24 Fletching
15:54 Horse Collar
17:05 Double-Bit Axe
23:18 Castle Age
22:55 Gold Mining
24:11 Bow Saw
23:22 Crossbowman
23:59 Bodkin Arrow
32:27 Gold Shaft Mining
31:52 Stone Mining
32:44 Ballistics
34:35 Wheelbarrow
33:46 Town Watch
35:25 Thumb Ring
41:45 Imperial Age
40:41 Heavy Plow
41:05 Hand Cart
42:30 Bracer
44:19 Chemistry
43:02 Arbalester
44:45 Masonry
47:05 Eupseong
51:18 Two-Man Saw
50:32 Siege Engineers
51:47 Architecture
51:14 Arrowslits
53:34 Treadmill Crane
54:05 Fortified Wall
54:02 Caravan
54:28 Guilds
54:50 Coinage
57:10 Conscription
DeltaFish
7:25 Loom
9:38 Feudal Age
11:51 Double-Bit Axe
23:36 Padded Archer Armor
24:18 Fletching
35:40 Castle Age
36:26 Bodkin Arrow
37:31 Crossbowman
39:34 Bow Saw
40:43 Horse Collar
43:23 Wheelbarrow
43:05 Gold Mining
44:22 Ballistics
48:01 Imperial Age
50:05 Imperial Age
48:47 Heavy Plow
51:42 Bracer
FishCrates
6:00 Loom
8:28 Feudal Age
8:45 Loom
8:51 Loom
9:58 Double-Bit Axe
11:24 Horse Collar
16:48 Bloodlines
18:26 Wheelbarrow
18:44 Scale Barding Armor
19:41 Forging
22:11 Castle Age
23:16 Chain Barding Armor
22:17 Light Cavalry
22:58 Husbandry
28:22 Iron Casting
29:37 Hand Cart
30:54 Bow Saw
41:44 Imperial Age
39:21 Heavy Plow
40:39 Gold Mining
40:37 Town Watch
41:52 Cavalier
43:30 Plate Barding Armor
43:31 Paladin
46:26 Caravan
46:48 Fletching
47:24 Ballistics
48:18 Bodkin Arrow
49:06 Bracer
50:09 Coinage
49:17 Pikeman
49:58 Squires
50:11 Scale Mail Armor
50:26 Halberdier
51:22 Chain Mail Armor
51:39 Masonry
53:52 Architecture
56:33 Crop Rotation
57:04 Two-Man Saw
57:59 Conscription
58:16 Hoardings
59:51 Arson
Connection lost

Rejoining the realm…

Still unreachable

The connection could not be restored.

Session expired

The server has moved on; the page needs a fresh start.